 Dungeon Crawl Stone Soup version 0.21.1-1-g345015f (webtiles) character file.

92 lotte the Magician (level 4, 0/24 HPs)
             Began as a Deep Elf Wizard on July 1, 2018.
             Was an Initiate of Sif Muna.
             Slain by an adder (4 damage)
             ... on level 4 of the Dungeon.
             The game lasted 00:21:24 (3401 turns).

lotte the Magician (Deep Elf Wizard)                Turns: 3401, Time: 00:21:24

Health: 0/24       AC:  3    Str:  4    XL:     4   Next: 35%
Magic:  11/14      EV: 13    Int: 24    God:    Sif Muna [......]
Gold:   192        SH:  0    Dex: 13    Spells: 10/16 levels left

rFire    . . .     SeeInvis .   k - +3 quarterstaff (chaos)
rCold    . . .     Gourm    .   (shield currently unavailable)
rNeg     . . .     Faith    .   a - +0 robe
rPois    .         Spirit   .   b - +0 hat
rElec    .         Reflect  .   l - +0 cloak
rCorr    .         Harm     .   (no gloves)
MR       .....                  (no boots)
Stlth    ++........             (no amulet)
HPRegen  0.08/turn              (no ring)
MPRegen  0.14/turn              (no ring)

@: lethally poisoned (0 -> -7)
A: no striking features
a: Renounce Religion


You were on level 4 of the Dungeon.
You worshipped Sif Muna.
Sif Muna was noncommittal.
You were hungry.

You visited 1 branch of the dungeon, and saw 4 of its levels.

You collected 227 gold pieces.
You paid 35 gold pieces to Gozag.

Inventory:

Hand Weapons
 g - a +0 hand axe
 k - a +3 quarterstaff of chaos (weapon)
Armour
 a - a +0 robe (worn)
 b - a +0 hat (worn)
 l - a +0 cloak (worn)
Scrolls
 j - a scroll of teleportation {unknown}
 m - 2 scrolls of enchant weapon {unknown}
 o - 2 scrolls of remove curse {unknown}
 p - 3 scrolls of identify {unknown}
 t - 3 scrolls of fear {unknown}
Potions
 e - a potion of magic {unknown}
 f - a potion of resistance
 h - a potion of curing
 i - 2 potions of brilliance {unknown}
 n - a potion of degeneration {unknown}
 r - a potion of agility {unknown}
 s - a potion of heal wounds {unknown}
Books
 c - a book of Minor Magic

   Spells                             Type                      Level
   a - Magic Dart                     Conjuration                  1
   b - Blink                          Translocation                2
   c - Call Imp                       Summoning                    2
   d - Slow                           Hexes                        2
   e - Conjure Flame                  Conjuration/Fire             3
   f - Mephitic Cloud                 Conjuration/Poison/Air       3
Comestibles
 d - 5 rations


   Skills:
 - Level 2.4 Dodging
 - Level 2.4 Stealth
 + Level 6.6 Spellcasting
 + Level 2.0 Conjurations
 + Level 1.5 Summonings
   Level 1.1 Translocations


You had 10 spell levels left.
You knew the following spells:

 Your Spells              Type           Power        Failure   Level  Hunger
a - Magic Dart            Conj           ###.         3%          1    None
b - Call Imp              Summ           ###.....     6%          2    None
c - Mephitic Cloud        Conj/Pois/Air  ##......     17%         3    None


Dungeon Overview and Level Annotations

Branches:
Dungeon (4/15)
 Temple: D:4-7

Altars:
Cheibriados
Dithmenos
Elyvilon
Gozag
Nemelex Xobeh
Okawaru
Qazlal
Sif Muna


Message History

You are poisoned.
The adder poisons you! The adder bites you.
You are more poisoned.
The adder poisons you!
You feel sick. The adder bites you.
* * * LOW HITPOINT WARNING * * *
You feel sick. The adder misses you.
* * * LOW HITPOINT WARNING * * *
You feel sick.
Your white imp disappears in a puff of smoke!
The adder bites you but does no damage.
* * * LOW HITPOINT WARNING * * *
You feel sick. The adder bites you but does no damage. The adder misses you.
The adder closely misses you.
* * * LOW HITPOINT WARNING * * *
You feel sick. The adder closely misses you. The adder barely misses you.
* * * LOW HITPOINT WARNING * * *
You feel sick. The adder bites you.
You die...

#..#..#... #...#....#
#.#..#...## ##..#..#...#
# #....#....%#.##
.##########..#..#.......
.........##...#..#.$.#
.#######.##....#...#
#......@#..#..##
#<#.##.S.#..#..#
#.#.##..5.#....#
....##..#..#[..#
##.####.........# #.#
#.#####...# ... ...#
#...# #..###... ......
... ... .........


You could see an adder (berserk) and a friendly crimson imp.

Vanquished Creatures
  An ooze (D:1)
  5 leopard geckos
  2 giant cockroaches
  6 goblins
  3 hobgoblins (D:1)
  A ball python (D:3)
  4 bats
  6 frilled lizards
  4 kobolds
  2 rats
34 creatures vanquished.

Vanquished Creatures (collateral kills)
  Crazy Yiuf (D:2)
  5 adders
  An ooze (D:3)
  A giant cockroach (D:3)
  2 goblins
  A frilled lizard (D:3)
  A rat (D:3)
12 creatures vanquished.

Grand Total: 46 creatures vanquished

Notes
Turn   | Place    | Note
-------+----------+-------------------------------------------
     0 | D:1      | lotte the Deep Elf Wizard began the quest for the Orb.
     0 | D:1      | Reached XP level 1. HP: 10/10 MP: 7/7
   204 | D:1      | Reached skill level 5 in Spellcasting
   279 | D:1      | Reached XP level 2. HP: 14/15 MP: 6/10
   731 | D:1      | Learned a level 2 spell: Call Imp
  1113 | D:2      | Found a snail-covered altar of Cheibriados.
  1208 | D:2      | Found an opulent altar of Gozag.
  1235 | D:2      | Became a worshipper of Gozag Ym Sagoz the Greedy
  1402 | D:2      | Reached XP level 3. HP: 19/19 MP: 7/12
  1455 | D:2      | Found a runed door.
  1459 | D:2      | Noticed Crazy Yiuf
  1465 | D:2      | Killed Crazy Yiuf
  1465 | D:2      | Reached skill level 6 in Spellcasting
  1790 | D:2      | Learned a level 3 spell: Mephitic Cloud
  1810 | D:2      | Found a shadowy altar of Dithmenos.
  1812 | D:2      | Found an iron altar of Okawaru.
  1813 | D:2      | Found a sparkling altar of Nemelex Xobeh.
  1814 | D:2      | Found a white marble altar of Elyvilon.
  1814 | D:2      | Found an opulent altar of Gozag.
  1814 | D:2      | Found a deep blue altar of Sif Muna.
  1815 | D:2      | Found a stormy altar of Qazlal.
  1871 | D:2      | Fell from the grace of Gozag
  1871 | D:2      | Became a worshipper of Sif Muna the Loreminder
  2154 | D:2      | Reached XP level 4. HP: 24/24 MP: 10/14
  3401 | D:4      | Slain by an adder

Skill      XL: |  1  2  3  4 |
---------------+-------------+-----
Spellcasting   | 5 6 |  6.6
Conjurations   | 2 |  2.0
Dodging        | |  2.4
Stealth        | |  2.4
Summonings     | |  1.5
Translocations | |  1.1

Action                   |  1- 3 |  4- 6 || total
-------------------------+-------+-------++-------
 Cast: Magic Dart        |    62 |    24 ||    86
       Call Imp          |    10 |    12 ||    22
  Use: Potion            |     3 |       ||     3
  Eat: Ration            |     1 |       ||     1
       Chunk             |       |     3 ||     3
Armor: Robe              |       |     2 ||     2
Dodge: Dodged            |    16 |    21 ||    37
